 Dungeon Crawl Stone Soup version 0.19.5 (webtiles) character file.

15316 Jerry the Severer (level 12, -24/110 HPs)
             Began as a Deep Dwarf Fighter on Mar 20, 2017.
             Was an Elder of Makhleb.
             Killed from afar by a green death (30 damage)
             ... with a bolt of poison
             ... on level 2 of the Abyss.
             The game lasted 00:37:19 (7140 turns).

Jerry the Severer (Deep Dwarf Fighter)              Turns: 7140, Time: 00:37:20

Health: -24/110    AC: 18    Str: 24    XL:     12   Next: 0%
Magic:  13/13      EV:  8    Int: 15    God:    Makhleb [****..]
Gold:   791        SH:  0    Dex: 15    Spells: 1 memorised, 9 levels left

rFire  . . .     SeeInvis .     r - +4 hand axe (curse)
rCold  + . .     Gourm    .     v - +2 chain mail {rC+}
rNeg   . . .     Faith    .     (no shield)
rPois  .         Spirit   .     (helmet restricted)
rElec  .         Reflect  .     C - +2 cloak {MR+}
rCorr  .         Harm     .     (no gloves)
MR     ++...                    k - +0 pair of boots
Stlth  ..........               (no amulet)
                                (no ring)
                                c - +4 ring of intelligence

@: lethally poisoned (-24 -> -26), non-regenerating
A: damage resistance, recharge devices, antennae 1, agile 1, sense surroundings
2, slow regeneration 3, strong 1
a: Device Recharging, Minor Destruction, Lesser Servant of Makhleb, Major
Destruction, Renounce Religion


You were on level 2 of the Abyss.
You worshipped Makhleb.
Makhleb was greatly pleased with you.
You were not hungry.

You visited 2 branches of the dungeon, and saw 11 of its levels.
You visited the Abyss 1 time.

You collected 815 gold pieces.
You spent 24 gold pieces at shops.

Inventory:

Hand Weapons
 a - a +0 war axe
 r - a cursed +4 hand axe (weapon)
Armour
 j - a +0 helmet
 k - a +0 pair of boots (worn)
 v - a +2 chain mail of cold resistance (worn)
 C - a +2 cloak of magic resistance (worn)
Jewellery
 c - a +4 ring of intelligence (left hand)
Wands
 b - a wand of flame (6/48)
 e - a wand of heal wounds (2/9)
 m - a wand of enslavement (6/24)
 x - a wand of disintegration (13/24)
Scrolls
 d - 2 scrolls of amnesia
 i - a scroll of identify
 p - a scroll of fear
 w - 2 scrolls of enchant armour
 y - 2 scrolls of remove curse
 H - a scroll of teleportation
Potions
 l - a potion of magic
 o - 2 potions of invisibility
 t - 2 potions of brilliance
 z - 3 potions of curing
 B - a potion of resistance
 D - 2 potions of heal wounds
 E - a potion of cancellation
Books
 F - a book of Maledictions

   Spells                             Type                      Level
   a - Corona                         Hexes                        1
   b - Ensorcelled Hibernation        Hexes/Ice                    2
   c - Confuse                        Hexes                        3
   d - Tukima's Dance                 Hexes                        3
   e - Dazzling Spray                 Conjuration/Hexes            3
 G - a book of Minor Magic

   Spells                             Type                      Level
   a - Magic Dart                     Conjuration                  1
   b - Blink                          Translocation                2
   c - Call Imp                       Summoning                    2
   d - Repel Missiles                 Charms/Air                   2
   e - Slow                           Hexes                        2
   f - Conjure Flame                  Conjuration/Fire             3
   g - Mephitic Cloud                 Conjuration/Poison/Air       3
Comestibles
 f - 9 bread rations
 h - 10 fruits
 q - 5 meat rations
 s - 4 beef jerkies
 u - 10 slices of pizza


   Skills:
 + Level 7.8 Fighting
 * Level 15.2 Axes
 + Level 9.5 Armour
   Level 3.2 Shields
 + Level 8.7 Invocations


You had 9 spell levels left.
You knew the following spells:

 Your Spells              Type           Power        Failure   Level  Hunger
a - Repel Missiles        Chrm/Air       #.....       99%         2    ###....


Dungeon Overview and Level Annotations

Branches:
Dungeon (10/15)            Temple (1/1) D:4
   Lair: D:8-11         Orc: D:9-12

Altars:
Ashenzari
Cheibriados
Dithmenos
Elyvilon
Fedhas
Gozag
Hepliaklqana
Kikubaaqudgha
Makhleb
Nemelex Xobeh
Okawaru
Qazlal
Ru
Sif Muna
Trog
Uskayaw
Vehumet
Xom
Yredelemnul
Zin
The Shining One
Jiyva

Shops:
D:8 *

Annotations:
D:10 exclusion: obsidian statue, Maurice, Sonja


Innate Abilities, Weirdness & Mutations

You are resistant to damage.
You can recharge devices by infusing magical energy.
You passively map the area around you.
You do not regenerate.
You have a pair of small antennae on your head.
You are agile. (Dex +2)
Your muscles are strong. (Str +2)


Message History

The large abomination hits you!!
* * * LOW HITPOINT WARNING * * *
You hit the large abomination.
The large abomination is severely damaged.
The large abomination misses you.
You hit the large abomination.
The large abomination is severely damaged.
Evoke which item? (* to show all) (? for menu, Esc to quit)
Zapping:
e - a wand of heal wounds (3/9)
Press: ? - help, Shift-Dir - straight line, f - you You feel much better.
This wand has 2 charges left.
The large abomination hits you!!
* * * LOW HITPOINT WARNING * * *
The green death misses you. The green death gestures at you.
The bolt of poison hits the large abomination.
The large abomination completely resists.
The bolt of poison hits you!
You are poisoned.
You die...

# .....#.# #.
.#.#..#
#.##.....
..#...#####
##.#......#..
#...........)
#.##.2#..... #
##X...#... #
##.#.@..## #.
#. #..#..# .
#...##. .....
..##
####.#..#.##...
#... .#.#..#.#
.. . #.## #
##... . #≈
≈≈≈≈≈≈. # ....
# ≈≈ ≈≈≈. #..#
.### #≈≈≈≈≈≈ ≈
## ### #


You could see a green death and a large abomination.

Vanquished Creatures
  An unseen horror (D:10)
  An ugly thing (D:9)
  2 hill giants (D:10)
  Joseph (D:7)
  A hornet (D:10)
  Grinder (D:3)
  10 yaks (D:9)
  Sigmund (D:5)
  A human (D:7)
  4 hogs (D:7)
  2 hungry ghosts
  The ghost of nigger123 the Shield-Bearer, an amateur HuFi (D:4)
  Menkaure (D:5)
  A mottled dragon (D:8)
  Edmund (D:5)
  A water moccasin (D:8)
  4 orc warriors
  An ice beast (D:7)
  2 black bears (D:8)
  2 phantoms
  5 ogres
  4 centaurs
  A crocodile (D:9)
  4 bullfrogs
  2 big kobolds
  A wyvern skeleton (D:6)
  A scorpion (D:6)
  5 killer bees (D:9)
  6 wights
  The ghost of nigger123 the Shield-Bearer, a weakling DgFi (D:3)
  2 howler monkeys (D:7)
  4 crimson imps
  2 bullfrog skeletons
  2 bullfrog zombies
  2 quasits
  Crazy Yiuf (D:5)
  2 jellies
  4 centaur skeletons
  A centaur zombie (D:9)
  7 hounds
  9 orc wizards
  2 orc priests
  Jessica (D:2)
  6 worker ants
  A killer bee zombie (D:6)
  A hound zombie (D:6)
  A howler monkey zombie (D:6)
  2 worker ant zombies
  3 gnolls (D:6)
  7 adders
  A shadow imp (D:7)
  An adder zombie (D:6)
  An adder skeleton (D:7)
  A worm (D:3)
  A dart slug (D:3)
  4 leopard geckos
  35 orcs
  6 giant cockroaches
  7 goblins
  4 hobgoblins
  11 jackals
  4 quokkas
  A bat (D:2)
  2 frilled lizards
  A jackal skeleton (D:7)
  28 kobolds
  2 leopard gecko skeletons
  2 leopard gecko zombies (D:6)
  6 rats
  6 plants (D:4)
253 creatures vanquished.

Notes
Turn   | Place    | Note
-------+----------+-------------------------------------------
     0 | D:1      | Jerry the Deep Dwarf Fighter began the quest for the Orb.
     0 | D:1      | Reached XP level 1. HP: 20/20 MP: 1/1
   127 | D:1      | You fall through a shaft!
   172 | D:2      | Reached XP level 2. HP: 27/27 MP: 2/2
   312 | D:2      | Noticed Jessica
   315 | D:2      | Killed Jessica
   315 | D:2      | Reached skill level 3 in Axes
   315 | D:2      | Reached XP level 3. HP: 32/34 MP: 3/3
   654 | D:3      | Noticed nigger123's ghost (weakling DgFi)
   672 | D:3      | Killed nigger123's ghost
   672 | D:3      | Reached skill level 4 in Axes
   672 | D:3      | Reached XP level 4. HP: 7/42 MP: 4/4
   678 | D:3      | Noticed Grinder
   688 | D:3      | Paralysed by Grinder for 4 turns
   692 | D:3      | Killed Grinder
   692 | D:3      | Reached skill level 5 in Axes
   692 | D:3      | Reached XP level 5. HP: 20/50 MP: 5/5
   692 | D:3      | Reached XP level 6. HP: 23/57 MP: 6/6
   863 | D:3      | Found an ancient bone altar of Kikubaaqudgha.
   996 | D:3      | Found a shattered altar of Ashenzari.
  1356 | D:4      | Reached skill level 5 in Armour
  1543 | D:4      | Reached skill level 6 in Axes
  1543 | D:4      | Reached XP level 7. HP: 52/64 MP: 7/7
  1601 | D:4      | Found a staircase to the Ecumenical Temple.
  1610 | Temple   | Entered the Ecumenical Temple
  1734 | D:4      | Noticed nigger123's ghost (amateur HuFi)
  1751 | D:4      | Killed nigger123's ghost
  1916 | D:4      | Found a bloodstained altar of Trog.
  1917 | D:4      | Found a blossoming altar of Fedhas.
  1918 | D:4      | Found a shadowy altar of Dithmenos.
  1918 | D:4      | Found a sparkling altar of Nemelex Xobeh.
  1918 | D:4      | Found an ancient bone altar of Kikubaaqudgha.
  1918 | D:4      | Found an iron altar of Okawaru.
  1920 | D:4      | Found a radiant altar of Vehumet.
  1921 | D:4      | Found a stormy altar of Qazlal.
  1922 | D:4      | Found a burning altar of Makhleb.
  1927 | D:4      | Became a worshipper of Makhleb the Destroyer
  2355 | D:5      | Entered Level 5 of the Dungeon
  2355 | D:5      | Noticed Menkaure
  2424 | D:5      | Noticed Edmund
  2448 | D:5      | Killed Edmund
  2448 | D:5      | Reached skill level 1 in Invocations
  2548 | D:5      | Killed Menkaure
  2548 | D:5      | Reached skill level 7 in Axes
  2629 | D:5      | Reached skill level 5 in Fighting
  2629 | D:5      | Reached XP level 8. HP: 33/74 MP: 8/8
  2704 | D:5      | Noticed Sigmund
  2711 | D:5      | Killed Sigmund
  2734 | D:5      | Found a runed door.
  2738 | D:5      | Noticed Crazy Yiuf
  2744 | D:5      | Killed Crazy Yiuf
  3060 | D:5      | Reached skill level 8 in Axes
  3438 | D:6      | Reached * piety under Makhleb
  3753 | D:6      | Reached skill level 9 in Axes
  3753 | D:6      | Gained mutation: You passively map the area around you. [Deep Dwarf growth]
  3753 | D:6      | Reached XP level 9. HP: 67/82 MP: 10/10
  3970 | D:7      | Noticed Joseph
  4058 | D:7      | Reached ** piety under Makhleb
  4112 | D:7      | Killed Joseph
  4112 | D:7      | Reached skill level 5 in Invocations
  4232 | D:7      | Reached skill level 10 in Axes
  4605 | D:7      | Reached XP level 10. HP: 51/92 MP: 11/11
  4753 | D:8      | Reached *** piety under Makhleb
  4901 | D:8      | Reached skill level 11 in Axes
  5152 | D:8      | Found a white marble altar of Elyvilon.
  5329 | D:8      | Found Miakh's General Store.
  5333 | D:8      | Bought a scroll of identify for 24 gold pieces
  5337 | D:8      | Reached skill level 14 in Axes
  5337 | D:8      | Reached XP level 11. HP: 72/100 MP: 12/12
  5835 | D:9      | Reached **** piety under Makhleb
  6134 | D:9      | Found a shadowy altar of Dithmenos.
  6200 | D:9      | Found Yfek's Magic Scroll Emporium.
  6286 | D:9      | Learned a level 2 spell: Repel Missiles
  6591 | D:10     | Entered Level 10 of the Dungeon
  6623 | D:10     | Noticed a hill giant
  6631 | D:10     | Killed a hill giant
  6631 | D:10     | Reached skill level 15 in Axes
  6760 | D:10     | Paralysed by a hornet for 3 turns
  6772 | D:10     | Noticed a hill giant
  6781 | D:10     | Killed a hill giant
  6840 | D:10     | Noticed an obsidian statue
  6939 | D:9      | Noticed a brown ugly thing
  6952 | D:9      | Killed a brown ugly thing
  6959 | D:9      | Gained mutation: You have a pair of small antennae on your head. [mutagenic meat]
  6960 | D:9      | Gained mutation: You are agile. (Dex +2) [mutagenic meat]
  6961 | D:9      | Gained mutation: Your muscles are strong. (Str +2) [mutagenic meat]
  7030 | D:10     | Killed an unseen horror
  7030 | D:10     | Reached XP level 12. HP: 64/110 MP: 13/13
  7080 | D:10     | Noticed Maurice
  7081 | D:10     | Noticed Sonja
  7088 | D:10     | Cast into level 2 of the Abyss (Sonja)
  7133 | Abyss:2  | Noticed a green death
  7140 | Abyss:2  | Killed from afar by a green death

Skill      XL: |  1  2  3  4  5  6  7  8  9 10 11 |
---------------+----------------------------------+-----
Fighting       | 3 4 5 6 7 |  7.8
Axes           | 3 4 5 6 7 9 10 14 15 | 15.2
Armour         | 4 5 6 7 8 9 |  9.5
Invocations    | 2 4 6 7 8 |  8.7
Shields        | |  3.2

Action                   |  1- 3 |  4- 6 |  7- 9 | 10-12 || total
-------------------------+-------+-------+-------+-------++-------
Melee: War axe           |    64 |   117 |   313 |    68 ||   562
       Hand axe          |       |       |   387 |   407 ||   794
 Abil: Device Recharging |       |       |     3 |     2 ||     5
Evoke: Wand              |       |     3 |    11 |    19 ||    33
  Use: Potion            |     1 |       |     1 |     4 ||     6
       Scroll            |       |       |    12 |    10 ||    22
  Eat: Chunk             |       |     2 |    12 |    19 ||    33
Armor: Scale mail        |    39 |    55 |    29 |       ||   123
       Chain mail        |       |       |   343 |   246 ||   589
Dodge: Dodged            |    28 |    67 |   237 |   121 ||   453
